 Dungeon Crawl Stone Soup version 0.27-a0-1590-g15f69828bf (webtiles) character file.

Game seed: 14274732033519002375

219 Aviak the Ducker (level 6, -6/46 HPs)
             Began as a Djinni Conjurer on July 18, 2021.
             Was an Initiate of Makhleb.
             Mangled by a scorpion (8 damage)
             ... on level 3 of the Dungeon.
             The game lasted 00:04:28 (3637 turns).

Aviak the Ducker (Djinni Conjurer)                  Turns: 3637, Time: 00:04:29

Health: -6/46      AC:  3    Str:  6    XL:     6   Next: 18%
Gold:   169        EV: 13    Int: 22    God:    Makhleb [......] SH:  0 Dex: 11

rFire    + + .     SeeInvis .   f - +0 spear
rCold    x . .     Faith    .   (no shield)
rNeg     . . .     Spirit   .   a - +0 robe
rPois    ∞         Reflect  .   (no helmet)
rElec    .         Harm     .   (no cloak)
rCorr    .         Rampage  .   k - +0 pair of gloves
Will     .....                  (boots unavailable)
Stlth    ++........             (no amulet)
HPRegen  0.15/turn              b - +4 ring of slaying
MPRegen  0.00/turn              (no ring)

@: flying
A: sickness immunity, fire resistance 2, cold vulnerability 1, float, innate
caster, hp casting, extra vitality 1
a: Renounce Religion


You were on level 3 of the Dungeon.
You worshipped Makhleb.
Makhleb was noncommittal.
You visited 2 branches of the dungeon, and saw 5 of its levels.

You collected 169 gold pieces.

Inventory:

Hand Weapons
 d - a +0 dagger
 f - a +0 spear (weapon)
Armour
 a - a +0 robe (worn)
 k - a +0 pair of gloves (worn)
Jewellery
 b - a +4 ring of slaying (left hand)
 j - a +6 ring of strength
 l - an amulet of faith {!P}
Scrolls
 c - a scroll of noise {unknown}
 e - 3 scrolls of identify {unknown}
 g - a scroll of teleportation {unknown}
 n - a scroll of blinking {unknown}
Potions
 m - a potion of lignification {unknown}


   Skills:
 + Level 3.0 Fighting
 + Level 4.1 Dodging
 - Level 1.5 Stealth
 + Level 4.1 Spellcasting


You couldn't memorise any spells.
You knew the following spells:

 Your Spells              Type           Power      Damage    Failure   Level
a - Magic Dart            Conj           88%        1d7       1%          1
b - Searing Ray           Conj           44%        3d4       3%          2
c - Dazzling Flash        Conj/Hex       44%        N/A       6%          3
d - Fulminant Prism       Conj/Hex       11%        3d9       21%         4
e - Iskenderun's Mystic   Conj/Tloc      22%        2d6       21%         4
f - Shock                 Conj/Air       88%        1d8       1%          1
g - Ensorcelled Hibernat  Hex/Ice        44%        N/A       3%          2
Your spell library was empty.

Dungeon Overview and Level Annotations

Branches:
Dungeon (4/15)             Temple (1/1) D:4

Altars:
Ashenzari
Dithmenos
Elyvilon
Gozag
Hepliaklqana
Kikubaaqudgha
Makhleb
Nemelex Xobeh
Qazlal
Ru
Sif Muna
Uskayaw
Vehumet
Wu Jian
Yredelemnul
Zin

Shops:
D:4 =


Innate Abilities, Weirdness & Mutations

You are immune to sickness and miasma.
You are immune to poison.
Your flesh is very heat resistant. (rF++)
You are vulnerable to cold. (rC-)
You float through the air rather than walking.
You learn spells naturally, not from books.
Your magical power is your life essence.
You have superior vitality. (+4 HP)


Message History

The searing ray hits the orc wizard!
The orc wizard is heavily wounded.
* * * LOW HITPOINT WARNING * * *
The scorpion closely misses you.
Unknown command.
You feel much better. The scorpion stings you!
The orc wizard hits you with a +0 dagger.
There is a stone staircase leading up here.
The scorpion stings you!
* * * LOW HITPOINT WARNING * * *
The scorpion misses you.
You fly upwards.
Reactivating autopickup.
There is a stone staircase leading down here.
Unknown command.
Casting: Searing Ray (safe; 3% risk of failure)
Confirm with . or Enter, or press ? or * to list all spells.
Aiming: Searing Ray (safe; 3% risk of failure)
Press: ? - help, Shift-Dir - straight line, f - scorpion
Aim: a scorpion (severely wounded, 78% to hit)
The searing ray misses the scorpion. (Press . to maintain the ray.)
* * * LOW HITPOINT WARNING * * *
The scorpion stings you.
* * * LOW HITPOINT WARNING * * *
The searing ray hits the scorpion but does no damage.
The scorpion is severely wounded.
* * * LOW HITPOINT WARNING * * *
The scorpion barely misses you.
Unknown command.
Unknown command.
The searing ray misses the scorpion.
* * * LOW HITPOINT WARNING * * *
The scorpion misses you.
Unknown command.
The searing ray hits the scorpion but does no damage.
The scorpion is severely wounded.
* * * LOW HITPOINT WARNING * * *
You finish channeling your searing ray.
The scorpion stings you!
You die...

..#............######.......#
...............#............#
.............###............#
.............#............>.#
............................####
)†.............................#
...####........................#
..<####........s...............#
................@...##....#######
+#..###.............##....'......
....######..........##....#######
.............#+.....##...........
........##...#+.....##.....#####.
........+..................<#....
........####.....##########'#.#.#
..........##.....'............#..
...........#.....###..........#..


You could see a scorpion.

Vanquished Creatures
  A hound (D:4)
  2 orc wizards (D:4)
  4 gnolls (D:3)
  2 adders (D:3)
  6 dart slugs
  6 orcs (D:4)
  9 endoplasms
  A giant cockroach (D:3)
  9 goblins
  7 hobgoblins
  3 quokkas
  7 ball pythons
  3 bats
  A frilled lizard (D:3)
  2 kobolds
  3 rats
66 creatures vanquished.

Vanquished Creatures (others)
  2 orcs (D:4)
2 creatures vanquished.

Grand Total: 68 creatures vanquished

Notes
Turn   | Place    | Note
-------+----------+-------------------------------------------
     0 | D:1      | Aviak the Djinni Conjurer began the quest for the Orb.
     0 | D:1      | Reached XP level 1. HP: 15/15 MP: 0/0
   129 | D:1      | Reached XP level 2. HP: 12/22 MP: 0/0
   429 | D:1      | Reached skill level 1 in Fighting
   639 | D:1      | Reached XP level 3. HP: 18/27 MP: 0/0
   639 | D:1      | Learned a level 1 spell: Shock
  1995 | D:3      | Reached XP level 4. HP: 22/33 MP: 0/0
  2551 | D:3      | Reached XP level 5. HP: 30/38 MP: 0/0
  2551 | D:3      | Learned a level 2 spell: Ensorcelled Hibernation
  3094 | D:4      | Found Jufroil's Jewellery Boutique.
  3264 | D:4      | Reached XP level 6. HP: 30/45 MP: 0/0
  3395 | D:4      | Found a staircase to the Ecumenical Temple.
  3412 | Temple   | Entered the Ecumenical Temple
  3595 | Temple   | Became a worshipper of Makhleb the Destroyer
  3637 | D:3      | Mangled by a scorpion

Illustrated notes

Levels and vault maps discovered:
D:1:      eino_arrival_cavern_d, layout_loops_ring, minmay_tripent
D:2:      layout_basic, st_stairs_13
D:3:      layout_basic, minmay_liquid_box
D:4:      layout_cave_pools, minmay_temple_entry_junction_2, serial_shops, shop
Temple:   eino_temple_rhombus

Skill      XL: |  1  2  3  4  5  6 |
---------------+-------------------+-----
Fighting       | 1 2 3 |  3.0
Dodging        | 3 4 |  4.1
Spellcasting   | 4 |  4.1
Stealth        | |  1.5

Action                   |  1- 3 |  4- 6 || total
-------------------------+-------+-------++-------
Melee: Dagger            |    22 |       ||    22
       Spear             |       |    59 ||    59
 Cast: Magic Dart        |    70 |    15 ||    85
       Searing Ray       |       |     6 ||     6
       Dazzling Flash    |       |     1 ||     1
  Use: Potion            |       |     3 ||     3
 Stab: Sleeping          |     2 |     1 ||     3
       Invisible         |       |     1 ||     1
Armor: Robe              |     4 |    15 ||    19
Dodge: Dodged            |    17 |    49 ||    66

Table legend: (Time is in decaauts)
 A = Elapsed time spent in this place.
 B = Non-inter-level travel time spent in this place.
 C = Inter-level travel time spent in this place.
 D = Time resting spent in this place.
 E = Time spent auto-exploring this place.
 F = Levels seen in this place.
 G = Mean time per level.
                   A        B        C        D        E       F      G
               +--------+--------+--------+--------+--------+-----+--------+
         Total |   3642 |   3579 |     63 |    164 |   2982 |   5 |  728.4 |
       Dungeon |   3448 |   3412 |     36 |    164 |   2818 |   4 |  862.0 |
        Temple |    193 |    166 |     27 |      0 |    164 |   1 |  193.0 |
               +--------+--------+--------+--------+--------+-----+--------+

Top non-repeatable levels by time:
     D:1: 1429 daAuts
     D:3: 1038 daAuts
     D:2: 555 daAuts
     D:4: 425 daAuts
  Temple: 193 daAuts
